 Dungeon Crawl Stone Soup version 0.19.1-1-g22dce08 (webtiles) character file.

68 theAP the Insei (level 4, -6/29 HPs)
             Began as an Octopode Transmuter on Jan 16, 2017.
             Mangled by an orc
             ... wielding a +0 war axe
              (8 damage)
             ... on level 3 of the Dungeon.
             The game lasted 00:02:30 (1574 turns).

theAP the Insei (Octopode Transmuter)               Turns: 1574, Time: 00:02:31

Health: -6/29      AC:  1    Str: 10    XL:     4   Next: 19%
Magic:  7/7        EV: 13    Int: 15    God:
Gold:   102        SH:  0    Dex: 12    Spells: 1 memorised, 6 levels left

rFire  . . .     SeeInvis .       - Unarmed
rCold  . . .     Gourm    .     (no shield)
rNeg   . . .     Faith    .     (helmet restricted)
rPois  .         Spirit   .     (no amulet)
rElec  .         Reflect  .     d - ring of stealth
rCorr  .         Harm     .     (no ring)
MR     .....                    (no ring)
Stlth  +++.......               (no ring)
                                (no ring)
                                (no ring)
                                (no ring)
                                (no ring)

@: no status effects
A: almost no armour, stealthy swim, amphibious, 8 rings, constrict 8, camouflage
1, gelatinous body 1
a: no special abilities


You were on level 3 of the Dungeon.
You were not hungry.

You visited 1 branch of the dungeon, and saw 3 of its levels.

You collected 102 gold pieces.

Inventory:

Missiles
 a - 42 arrows
Jewellery
 d - a ring of stealth (left tentacle)
Scrolls
 e - 3 scrolls of identify {unknown}
 f - a scroll of amnesia {unknown}
 h - 2 scrolls of remove curse {unknown}
 j - a scroll of teleportation {unknown}
 k - 3 scrolls of enchant weapon {unknown}
Potions
 i - a potion of magic {unknown}
 m - a potion of agility {unknown}
Books
 b - a book of Changes

   Spells                             Type                      Level
   a - Beastly Appendage              Transmutation                1
   b - Sticks to Snakes               Transmutation                2
   c - Spider Form                    Transmutation/Poison         3
   d - Ice Form                       Ice/Transmutation            4
   e - Blade Hands                    Transmutation                5
Comestibles
 c - a bread ration
 g - a meat ration
 l - 2 chunks of flesh


   Skills:
 + Level 2.2 Fighting
 - Level 2.0 Dodging
 * Level 3.8 Unarmed Combat
 + Level 2.2 Spellcasting
 + Level 2.5 Transmutations


You had 6 spell levels left.
You knew the following spells:

 Your Spells              Type           Power        Failure   Level  Hunger
a - Beastly Appendage     Tmut           #.....       10%         1    #......


Dungeon Overview and Level Annotations

Branches:
Dungeon (3/15)

Altars:


Innate Abilities, Weirdness & Mutations

You cannot wear most types of armour.
You are very stealthy in the water. (Stealth+)
You are amphibious.
You can wear up to eight rings at the same time.
You can use your tentacles to constrict eight enemies at once.
Your skin changes colour to match your surroundings (Stealth+).
Your rubbery body absorbs attacks. (AC +1, EV +1)


Message History

You tentacle-slap the orc priest but do no damage.
You squeeze the orc priest, but do no damage.
The orc priest is moderately wounded.
You constrict the orc priest, but do no damage.
The orc wizard gestures wildly while chanting.
The orc wizard blinks!
The orc closely misses you. The rat misses you.
The orc priest closely misses you.
You tentacle-slap the orc priest.
The orc priest is heavily wounded.
You constrict the orc priest. The orc hits you with a war axe!
The orc wizard casts a spell.
The orc wizard blinks!
The rat bites you. The orc priest hits you with a club.
Unknown command.
You tentacle-slap the orc priest but do no damage.
The orc priest is severely wounded.
You constrict the orc priest. The orc barely misses you.
The orc hits you with a hand axe!
* * * LOW HITPOINT WARNING * * *
The rat closely misses you. The orc hits you with a war axe!
You die...

#.#.#.#.....(.##...###
#.#.#.#.#......##...#
.# #.#.#.......##...#
#.#.#.#.###########
.#.#.#.#.# .#.#.#.####
.#.......#
#.#......###
...#...o@r§.# ###
####ooo..# #.....#
#.....# #....o#
....... #######. .#


You could see an orc priest, an orc wizard, 3 orcs and a rat.

Vanquished Creatures
  An adder (D:3)
  2 oozes
  A dart slug (D:2)
  2 leopard geckos
  2 bats
  A giant cockroach (D:1)
  8 goblins
  4 hobgoblins
  5 jackals
  4 frilled lizards (D:2)
  9 kobolds
  8 rats
47 creatures vanquished.

Notes
Turn   | Place    | Note
-------+----------+-------------------------------------------
     0 | D:1      | theAP the Octopode Transmuter began the quest for the Orb.
     0 | D:1      | Reached XP level 1. HP: 13/13 MP: 3/3
   211 | D:1      | Reached XP level 2. HP: 18/18 MP: 5/5
   623 | D:1      | Reached XP level 3. HP: 16/24 MP: 6/6
  1460 | D:3      | Reached XP level 4. HP: 22/29 MP: 7/7
  1574 | D:3      | Mangled by an orc

Skill      XL: |  1  2  3 |
---------------+----------+-----
Fighting       | 2 |  2.2
Dodging        | |  2.0
Unarmed Combat | |  3.8
Spellcasting   | |  2.2
Transmutations | |  2.5

Action                   |  1- 3 |  4- 6 || total
-------------------------+-------+-------++-------
Melee: Unarmed           |    96 |    10 ||   106
       Constrict         |    20 |     3 ||    23
       Tentacles         |    12 |     1 ||    13
       Punch             |     1 |       ||     1
 Stab: Sleeping          |    11 |     1 ||    12
       Distracted        |     1 |       ||     1
  Eat: Chunk             |     2 |       ||     2
Armor: Skin              |     5 |       ||     5
Dodge: Dodged            |    54 |     8 ||    62
